 Dungeon Crawl Stone Soup version 0.18-a0-1639-g7533f42 (webtiles) character file.

4857 dohliylev the Unseen (level 10, -12/66 HPs)
             Began as a Vampire Enchanter on Mar 27, 2016.
             Was a Priest of Dithmenos.
             Mangled by a sun demon (18 damage)
             ... summoned by an obsidian statue
             ... on level 8 of the Dungeon.
             The game lasted 00:52:39 (6953 turns).

dohliylev the Unseen (Vampire Enchanter)            Turns: 6953, Time: 00:52:40

Health: -12/66     AC:  6    Str:  7    XL:     10   Next: 25%
Magic:  17/26      EV: 15    Int: 18    God:    Dithmenos [***...]
Gold:   404        SH:  0    Dex: 18    Spells: 3 memorised, 13 levels left

rFire  . . .     SeeInvis +     L - +2 dagger (pain)
rCold  + . .     Gourm    .     b - +1 robe
rNeg   + + .     Faith    .     (no shield)
rPois  +         Spirit   .     (no helmet)
rElec  .         Dismiss  .     N - +0 cloak {MR+}
rCorr  .         Reflect  .     u - +0 pair of gloves
SustAt .         Harm     .     P - +0 pair of boots
MR     +++..                    (no amulet)
Stlth  ++++++++++               F - ring of magical power
                                k - ring of protection from magic

@: regenerating slowly, wreathed by umbra, extremely resistant to hostile
enchantments, uncannily stealthy
A: fangs 3, see invisible, unbreathing
a: Bat Form, Shadow Step, Renounce Religion


You were on level 8 of the Dungeon.
You worshipped Dithmenos.
Dithmenos was most pleased with you.
You were thirsty.

You visited 2 branches of the dungeon, and saw 9 of its levels.

You collected 404 gold pieces.

Inventory:

Hand Weapons
 o - a +1 dagger of protection
 D - a +2 long sword of electrocution
 E - a +0 dagger of venom
 K - a +2 dagger of draining
 L - a +2 dagger of pain (weapon)
 M - a +0 dagger
Missiles
 w - 15 poisoned needles
Armour
 b - a +1 robe (worn)
 u - a +0 pair of gloves (worn)
 J - the +0 leather armour "Reymum" {Str+2, unknown}
   (You found it on level 8 of the Dungeon)

   It affects your strength (+2).
 N - a +0 cloak of magic resistance (worn)
 P - a +0 pair of boots (worn)
Magical Staves
 y - an uncursed staff of energy
Jewellery
 k - a ring of protection from magic (left hand)
 F - a ring of magical power (right hand)
 O - a +2 ring of slaying {unknown}
Wands
 G - a wand of lightning (10/15)
Scrolls
 a - 6 scrolls of identify
 f - 3 scrolls of teleportation
 g - 5 scrolls of amnesia
 h - 2 scrolls of enchant armour
 q - a scroll of fear {unknown}
 C - 3 scrolls of fog
 H - 4 scrolls of recharging
 I - a scroll of brand weapon {unknown}
Potions
 d - 30 potions of blood
 e - a potion of brilliance {unknown}
 i - a potion of ambrosia {unknown}
 l - 4 potions of lignification {unknown}
 m - a potion of cancellation {unknown}
 n - 2 potions of heal wounds {unknown}
 p - 3 potions of flight {unknown}
 s - 3 potions of agility {unknown}
 t - 2 potions of might {unknown}
 v - 8 potions of curing {unknown}
 x - 3 potions of mutation {unknown}
 z - a potion of haste {unknown}
 A - a potion of magic {unknown}
 B - a potion of cure mutation {unknown}
Books
 c - a book of Maledictions

   Spells                             Type                      Level
   a - Corona                         Hexes                        1
   b - Ensorcelled Hibernation        Hexes/Ice                    2
   c - Confuse                        Hexes                        3
   d - Tukima's Dance                 Hexes                        3
   e - Dazzling Spray                 Conjuration/Hexes            3
 j - a book of Unlife

   Spells                             Type                      Level
   a - Recall                         Summoning/Translocation      3
   b - Animate Dead                   Necromancy                   4
   c - Control Undead                 Necromancy                   4
   d - Cigotuvi's Embrace             Necromancy                   5
   e - Death Channel                  Necromancy                   6
   f - Simulacrum                     Ice/Necromancy               6
 r - a book of the Earth

   Spells                             Type                      Level
   a - Leda's Liquefaction            Hexes/Earth                  4
   b - Bolt of Magma                  Conjuration/Fire/Earth       5
   c - Statue Form                    Transmutation/Earth          6
   d - Iron Shot                      Conjuration/Earth            6
   e - Shatter                        Earth                        9


   Skills:
 + Level 1.4 Fighting
 + Level 2.6 Short Blades
 + Level 4.8 Dodging
 + Level 16.4 Stealth
 + Level 5.1 Spellcasting
 + Level 0.4 Conjurations
 + Level 8.7 Hexes
 + Level 4.8 Ice Magic


You had 13 spell levels left.
You knew the following spells:

 Your Spells              Type           Power        Failure   Level  Hunger
a - Corona                Hex            #####..      1%          1    None
b - Ensorcelled Hibernat  Hex/Ice        ####..       1%          2    #......
c - Dazzling Spray        Conj/Hex       ###.....     10%         3    ##.....


Dungeon Overview and Level Annotations

Branches:
Dungeon (8/15)             Temple (1/1) D:5            Lair (0/8) D:8

Altars:
Ashenzari
Cheibriados
Dithmenos
Elyvilon
Fedhas
Gozag
Kikubaaqudgha
Makhleb
Nemelex Xobeh
Okawaru
Pakellas
Qazlal
Ru
Sif Muna
Trog
Vehumet
Xom
Yredelemnul
Zin
The Shining One

Shops:
D:7 [

Annotations:
D:8 exclusions: obsidian statue and orange crystal statue


Innate Abilities, Weirdness & Mutations

You heal slowly.
You have razor-sharp teeth.
You have supernaturally acute eyesight.
You can survive without breathing.


Message History

You skewer the worker ant like a kebab!!!!
You kill the worker ant!
Dithmenos accepts your kill.
You hit the obsidian statue but do no damage.
The obsidian statue's eyes glow briefly.
The obsidian statue's eyes glow briefly.
You see here a paperback book.
r - a book of the Earth The sixfirhy closely misses you.
The sixfirhy barely misses you. The sixfirhy hits you! The sixfirhy shocks you!
The sixfirhy closely misses you. The sixfirhy barely misses you.
The obsidian statue's eyes glow briefly.
You see here an ancient leather armour.
J - an ancient leather armour The obsidian statue's eyes glow briefly.
The sixfirhy hits you! The sixfirhy shocks you! The sun demon misses you.
The sixfirhy hits you. The sixfirhy shocks you! The sun demon hits you!!
* * * LOW HITPOINT WARNING * * *
You are engulfed in flames!!
You die...

.....## ###..8 #.##
......# #.#.... ##..#
......# #.?.....##...#
.....## #......##....#
....## #.....##.....##
...######....##.......#
..####......##...5.#..#
####....###.#5.84.##..##
##...#.## #.##.3@##....#
...#...## #..##.##.....##
........####..###.......#
#........# #...#........##
.........####............#
.?........# ##.........).#
### ..........##
#...........######.#
...........#
###................#
...[<......#
##...##############


You could see an obsidian statue, a sun demon, a sixfirhy and 2 crimson imps.

Vanquished Creatures
  Pikel (D:8)
  Maurice (D:8)
  2 two-headed ogres (D:8)
  Prince Ribbit (D:8)
  Sigmund (D:3)
  A spriggan (D:8)
  2 humans (D:8)
  Edmund (D:5)
  An ice beast (D:8)
  An orc warrior (D:7)
  6 ogres
  4 centaurs
  3 giant frogs
  4 scorpions
  6 killer bees (D:8)
  3 crimson imps
  A giant frog zombie (D:5)
  4 hounds
  A quasit (D:8)
  9 orc wizards
  A jelly (D:7)
  A centaur skeleton (D:8)
  2 orc priests
  Natasha (D:3)
  7 worker ants
  4 gnolls (D:7)
  13 adders
  A howler monkey skeleton (D:4)
  4 shadow imps
  An ooze (D:2)
  An adder zombie (D:8)
  An adder skeleton (D:5)
  3 worms
  A dart slug (D:2)
  A giant gecko (D:2)
  26 orcs
  3 ball pythons
  A giant cockroach (D:2)
  7 goblins
  12 hobgoblins
  8 jackals
  10 kobolds
  3 quokkas
  5 bats
  A giant gecko skeleton (D:5)
  A giant gecko zombie (D:7)
  3 giant newts
  A jackal skeleton (D:5)
  A quokka zombie (D:5)
  9 rats
186 creatures vanquished.

Vanquished Creatures (others)
  An orc priest (D:8)
  An orc wizard (D:8)
  A lightning spire (D:6)
  2 orcs (D:8)
  A bush (D:6)
6 creatures vanquished.

Grand Total: 192 creatures vanquished

Notes
Turn   | Place    | Note
--------------------------------------------------------------
     0 | D:1      | dohliylev the Vampire Enchanter began the quest for the Orb.
     0 | D:1      | Reached XP level 1. HP: 13/13 MP: 3/3
   303 | D:1      | Reached skill level 5 in Stealth
   420 | D:1      | Reached XP level 2. HP: 11/19 MP: 5/5
   904 | D:1      | Learned a level 2 spell: Ensorcelled Hibernation
   909 | D:2      | Reached skill level 6 in Stealth
   945 | D:2      | Reached XP level 3. HP: 13/24 MP: 0/6
  1258 | D:2      | Reached XP level 4. HP: 30/30 MP: 2/7
  1331 | D:2      | Found a stormy altar of Qazlal.
  1331 | D:2      | Noticed an air elemental
  1332 | D:2      | Noticed an earth elemental
  1332 | D:2      | Noticed a fire elemental
  1332 | D:2      | Noticed a water elemental
  1482 | D:3      | Noticed Sigmund
  1491 | D:3      | Killed Sigmund
  1491 | D:3      | Reached skill level 8 in Stealth
  1491 | D:3      | Reached skill level 1 in Ice Magic
  1491 | D:3      | Reached XP level 5. HP: 35/35 MP: 5/8
  1675 | D:4      | Reached skill level 5 in Hexes
  1675 | D:4      | Reached XP level 6. HP: 33/41 MP: 1/9
  1779 | D:4      | Reached skill level 9 in Stealth
  2022 | D:4      | Reached skill level 10 in Stealth
  2022 | D:4      | Reached XP level 7. HP: 47/47 MP: 11/11
  2506 | D:3      | Noticed Natasha
  2829 | D:3      | Killed Natasha
  3134 | D:5      | Entered Level 5 of the Dungeon
  3184 | D:5      | Learned a level 3 spell: Dazzling Spray
  3244 | D:5      | Reached skill level 11 in Stealth
  3361 | D:5      | Noticed Edmund
  3365 | D:5      | Killed Edmund
  3365 | D:5      | Reached XP level 8. HP: 53/53 MP: 10/12
  3560 | D:5      | Found a staircase to the Ecumenical Temple.
  3569 | Temple   | Entered the Ecumenical Temple
  3601 | Temple   | Became a worshipper of Dithmenos the Shadowed
  3924 | D:6      | Reached skill level 12 in Stealth
  4258 | D:6      | Found an oddly glowing altar of Pakellas.
  4259 | D:6      | Noticed a deep elf annihilator
  4447 | D:7      | Reached * piety under Dithmenos
  4726 | D:7      | Found Dufi's Antique Armour Emporium.
  4834 | D:7      | Reached skill level 13 in Stealth
  5004 | D:7      | Reached skill level 1 in Fighting
  5077 | D:7      | Reached XP level 9. HP: 59/59 MP: 8/14
  5080 | D:7      | Reached ** piety under Dithmenos
  5123 | D:8      | Noticed Maurice
  5126 | D:8      | Killed Maurice
  5126 | D:8      | Reached skill level 14 in Stealth
  5175 | D:8      | Found a staircase to the Lair.
  5364 | D:8      | Reached skill level 15 in Stealth
  5569 | D:8      | Found an iron altar of Okawaru.
  5909 | D:8      | Noticed an orange crystal statue
  5926 | D:8      | Found a blossoming altar of Fedhas.
  5928 | D:8      | Found an oddly glowing altar of Pakellas.
  5928 | D:8      | Noticed Prince Ribbit
  5929 | D:8      | Found a shattered altar of Ashenzari.
  5976 | D:8      | Killed Prince Ribbit
  6109 | D:8      | Found a bloodstained altar of Trog.
  6337 | D:8      | Found a white marble altar of Elyvilon.
  6340 | D:8      | Found a shimmering altar of Xom.
  6513 | D:8      | Reached XP level 10. HP: 65/65 MP: 17/17
  6528 | D:8      | Reached skill level 16 in Stealth
  6548 | D:8      | Noticed Pikel
  6552 | D:8      | Killed Pikel
  6552 | D:8      | Reached skill level 5 in Spellcasting
  6593 | D:8      | Found a burning altar of Makhleb.
  6593 | D:8      | Found a radiant altar of Vehumet.
  6688 | D:8      | Reached *** piety under Dithmenos
  6940 | D:8      | Noticed an obsidian statue
  6948 | D:8      | Noticed a sun demon
  6949 | D:8      | Noticed a sixfirhy
  6952 | D:8      | Got an ancient leather armour
  6953 | D:8      | Mangled by a sun demon

Vault maps used:
D:1:      onia_arrival_pentagram, hangedman_decor_push
D:2:      nicolae_qazlal_style_of_elements
D:3:      uniq_sigmund, uniq_natasha
D:4:      first_bread
D:5:      minmay_temple_entry_statues_fountains, minmay_holes, uniq_edmund
D:6:      gammafunk_pakellas_spire_experiment
D:7:      corexii_shantytown, serial_shops, nicolae_shop_overgrown_old_shop,
          serial_corexii_hall, corexii_hall_statues_x, corexii_hall_statues_i
D:8:      minmay_separated_statues, grunt_temple_overflow_lords_of_destruction,
          bloody_trog, grunt_temple_overflow_open, lair_0_dummy, grunt_pizzeria,
          okawaru_humans, uniq_prince_ribbit1, uniq_maurice, uniq_pikel
Temple:   temple_eino_lava_12

Skill      XL: |  1  2  3  4  5  6  7  8  9 10 |
---------------+-------------------------------+-----
Stealth        | 5 6 8 10 11 13 15 16 | 16.4
Ice Magic      | 1 2 3 4 |  4.8
Hexes          | 5 6 7 8 |  8.7
Dodging        | 3 4 |  4.8
Spellcasting   | 3 4 5 |  5.1
Short Blades   | 2 |  2.6
Fighting       | 1 |  1.4
Conjurations   | |  0.4

Action                   |  1- 3 |  4- 6 |  7- 9 | 10-12 || total
-------------------------+-------+-------+-------+-------++-------
Melee: Dagger            |   106 |    33 |   227 |    21 ||   387
 Cast: Ensorcelled Hiber |    10 |    13 |   105 |    22 ||   150
       Corona            |     3 |       |     4 |       ||     7
       Dazzling Spray    |       |       |    16 |     4 ||    20
 Abil: End Transformatio |       |       |     1 |     1 ||     2
       Bat Form          |       |       |     1 |     1 ||     2
  Use: Scroll            |       |       |    10 |       ||    10
       Potion            |       |       |       |     2 ||     2
 Stab: Sleeping          |    17 |    15 |    99 |    13 ||   144
       Invisible         |       |       |     7 |     2 ||     9
       Distracted        |       |       |     2 |       ||     2
